 Dungeon Crawl Stone Soup version 0.22-a0-580-gd5db89c09a (webtiles) character file.

597 D1HalberdGnoll the Purveyor of Pain (level 7, -8/70 HPs)
             Began as an Ogre Necromancer on July 3, 2018.
             Was an Initiate of Kikubaaqudgha.
             Mangled by a wyvern (11 damage)
             ... on level 4 of the Dungeon.
             The game lasted 00:08:34 (5672 turns).

D1HalberdGnoll the Purveyor of Pain (OgNe)          Turns: 5672, Time: 00:08:36

Health: -8/70      AC:  3    Str: 13    XL:     7   Next: 40%
Magic:  7/13       EV: 11    Int: 17    God:    Kikubaaqudgha [......]
Gold:   183        SH:  0    Dex: 10    Spells: 9/14 levels left

rFire    . . .     SeeInvis .   x - +0 dagger (venom)
rCold    . . .     Gourm    .   (no shield)
rNeg     . . .     Faith    .   a - +0 robe
rPois    .         Spirit   .   (helmet restricted)
rElec    .         Reflect  .   (no cloak)
rCorr    .         Harm     .   (gloves unavailable)
MR       .....                  (boots unavailable)
Stlth    ++........             (no amulet)
HPRegen  0.21/turn              (no ring)
MPRegen  0.13/turn              (no ring)

@: very slightly contaminated
A: large, unfitting armour, tough skin 1
a: Renounce Religion


You were on level 4 of the Dungeon.
You worshipped Kikubaaqudgha.
Kikubaaqudgha was noncommittal.
You were hungry.

You visited 1 branch of the dungeon, and saw 5 of its levels.

You collected 183 gold pieces.

Inventory:

Hand Weapons
 x - a +0 dagger of venom (weapon)
Armour
 a - a +0 robe (worn)
Jewellery
 e - a cursed amulet of inaccuracy {unknown}
 f - an uncursed ring of protection from cold {unknown}
 g - an uncursed amulet of the gourmand {unknown}
 t - an uncursed ring of stealth {unknown}
 v - an uncursed amulet of the gourmand {unknown}
Scrolls
 h - 5 scrolls of identify {unknown}
 l - a scroll of remove curse {unknown}
 m - a scroll of immolation {unknown}
 n - 2 scrolls of magic mapping {unknown}
 r - a scroll of random uselessness {unknown}
 u - a scroll of fear {unknown}
Potions
 d - a potion of ambrosia
 i - a potion of brilliance {unknown}
 j - 3 potions of heal wounds {unknown}
 k - a potion of invisibility {unknown}
 o - a potion of might {unknown}
 p - a potion of agility {unknown}
 q - a potion of mutation {unknown}
 s - 2 potions of haste {unknown}
 z - a potion of flight {unknown}
Comestibles
 c - 9 rations


   Skills:
 + Level 4.1 Fighting
 + Level 3.5 Dodging
 - Level 1.4 Stealth
 + Level 4.4 Spellcasting
 * Level 5.8 Necromancy


You had 9 spell levels left.
You knew the following spells:

 Your Spells              Type           Power        Failure   Level  Hunger
a - Pain                  Necr           ###.         1%          1    None
b - Vampiric Draining     Necr           ###.......   4%          3    ###....
s - Animate Skeleton      Necr           N/A          1%          1    None

Your spell library contained the following spells:

 Spells                   Type           Power        Failure   Level  Hunger
 Animate Dead             Necr           N/A          14%         4    ####...
 Regeneration             Chrm/Necr      ##........   14%         3    ###....


Dungeon Overview and Level Annotations

Branches:
Dungeon (5/15)             Temple (0/1) D:4

Altars:
Kikubaaqudgha

Shops:
D:4 (

Annotations:
D:3 exclusion: 2 downstairs


Innate Abilities, Weirdness & Mutations

You are too large for most types of armour.
You have tough skin. (AC +1)


Message History

* * * LOW HITPOINT WARNING * * *
Casting: Vampiric Draining (safe; 4% risk of failure)
Confirm with . or Enter, or press ? or * to list all spells.
Aiming: Vampiric Draining (safe; 4% risk of failure)
Press: ? - help, Shift-Dir - straight line, f - wyvern
Aim: a wyvern The wyvern is moderately wounded.
You feel life coursing into your body. The wyvern bites you!
* * * LOW HITPOINT WARNING * * *
Casting: Vampiric Draining (safe; 4% risk of failure)
Confirm with . or Enter, or press ? or * to list all spells.
Aiming: Vampiric Draining (safe; 4% risk of failure)
Press: ? - help, Shift-Dir - straight line, f/p - wyvern
Aim: a wyvern (moderately wounded)
You miscast Vampiric Draining.
Strange energies run through your body. The wyvern bites you.
* * * LOW HITPOINT WARNING * * *
The wyvern bites you!
You die...
Kikubaaqudgha rasps: "You have failed me!
Welcome... death!"

#.....#
#.........##
#..#..#
##.........# #
#..##.#
##.#.......###
# #...###
#.........#..#
# ##...##
##........#####
# ##...#
##..##.....# #
##..#
##..###....## #
##.# #..##
####..# #.#
#@## #..# #.#
#l## ##.# #.#
##[## #.## #.#
##.## ##.## #.#
##.## ##.## #
### ##.# ##.# #
### ### #


You could see a wyvern.

Vanquished Creatures
  Sigmund (D:4)
  A crimson imp (D:4)
  4 orc priests
  4 orc wizards (D:4)
  6 adders
  3 gnolls
  An ooze (D:4)
  2 worms (D:2)
  A leopard gecko (D:1)
  11 orcs
  7 giant cockroaches
  7 goblins
  4 hobgoblins
  A jackal (D:3)
  5 kobolds
  6 bats
  2 frilled lizards
  A jackal skeleton (D:4)
  9 rats
76 creatures vanquished.

Vanquished Creatures (collateral kills)
  3 gnolls
  2 orcs (D:4)
  A giant cockroach (D:4)
  A jackal (D:3)
  A rat (D:2)
8 creatures vanquished.

Grand Total: 84 creatures vanquished

Notes
Turn   | Place    | Note
-------+----------+-------------------------------------------
     0 | D:1      | D1HalberdGnoll the Ogre Necromancer began the quest for the Orb.
     0 | D:1      | Reached XP level 1. HP: 16/16 MP: 3/3
   336 | D:1      | Reached XP level 2. HP: 14/26 MP: 0/5
   549 | D:1      | Learned a level 1 spell: Animate Skeleton
   612 | D:1      | Reached skill level 1 in Fighting
  1013 | D:2      | Reached skill level 4 in Necromancy
  1013 | D:2      | Reached XP level 3. HP: 32/33 MP: 4/7
  1620 | D:2      | Reached XP level 4. HP: 12/42 MP: 1/8
  2765 | D:3      | Found an ancient bone altar of Kikubaaqudgha.
  2773 | D:3      | Became a worshipper of Kikubaaqudgha
  2981 | D:4      | Found Muagien's Antique Weapon Emporium.
  2984 | D:4      | Found a staircase to the Ecumenical Temple.
  3179 | D:3      | Learned a level 3 spell: Vampiric Draining
  3431 | D:3      | Reached XP level 5. HP: 11/50 MP: 2/10
  3782 | D:4      | Noticed Sigmund
  4123 | D:4      | Reached skill level 5 in Necromancy
  4123 | D:4      | Reached XP level 6. HP: 57/61 MP: 5/11
  4620 | D:4      | Killed Sigmund
  4620 | D:4      | Reached XP level 7. HP: 49/70 MP: 0/13
  5469 | D:5      | Entered Level 5 of the Dungeon
  5471 | D:5      | Noticed a wyvern
  5672 | D:4      | HP: 3/70 [wyvern (6)]
  5672 | D:4      | Mangled by a wyvern

Vault maps used:
D:1:      scummos_arrival_hexagon, minmay_tree_intersection
D:3:      kiku_gazebo_garden_becter
D:4:      minmay_temple_entry_mist, serial_shops, nicolae_shop_crystal,
          uniq_sigmund
D:5:      first_ration, kennysheep_path_1, uniq_menkaure, uniq_blork_the_orc

Skill      XL: |  1  2  3  4  5  6 |
---------------+-------------------+-----
Dodging        | 2 3 |  3.5
Fighting       | 1 2 3 4 |  4.1
Necromancy     | 4 5 |  5.8
Spellcasting   | 3 4 |  4.4
Stealth        | |  1.4

Action                   |  1- 3 |  4- 6 |  7- 9 || total
-------------------------+-------+-------+-------++-------
Melee: Dagger            |    16 |     7 |    32 ||    55
       Rapier            |       |    18 |       ||    18
 Cast: Pain              |    73 |   101 |     7 ||   181
       Animate Skeleton  |    12 |    14 |       ||    26
       Vampiric Draining |       |    10 |     6 ||    16
  Use: Potion            |       |     1 |     2 ||     3
  Eat: Chunk             |     3 |     7 |     3 ||    13
       Ration            |       |     1 |       ||     1
Armor: Robe              |    10 |    11 |     2 ||    23
Dodge: Dodged            |    14 |    41 |    29 ||    84

Table legend:
 A = Spawn XP
 B = Non-spawn XP
 C = Spawn XP percentage of total XP
 D = Spawn monster count
 E = Non-spawn monster count
 F = Spawn count percentage of total count
 G = Total turns spent on level
                    A         B        C        D         E        F      G
               +---------+---------+-------+---------+---------+-------+---------
         Total |       0 |     853 |   0.0 |       0 |      84 |   0.0 |  5672
               +---------+---------+-------+---------+---------+-------+---------
           D:1 |       0 |      25 |   0.0 |       0 |      15 |   0.0 |   880
           D:2 |       0 |      83 |   0.0 |       0 |      21 |   0.0 |  1294
           D:3 |       0 |     100 |   0.0 |       0 |      20 |   0.0 |  1675
           D:4 |       0 |     645 |   0.0 |       0 |      28 |   0.0 |  1817
               +---------+---------+-------+---------+---------+-------+---------
